woodfighter, chaotic female giant Ranger ----- ------------ |...| |..vr...a...- |<..-####@a....*...*..| |...| |.a.....$...| ----- ------------ woodfighter the Ranger Experience level: 6 Strength: 24 Dexterity: 11 Constitution: 19 Intelligence: 13 Wisdom: 13 Charisma: 8 Health: 0(58) Energy: 16(16) Def: 18 Gold: 299 Moves: 5685 Dungeon seed [set]: Game ID: woodfighter_1678143414 Your Inventory: Coins $ - 299 gold pieces Weapons a - an uncursed +2 sling (weapon in hand) v - 10 uncursed +0 orcish arrows Armor g - an uncursed +0 pair of high boots (being worn) n - an uncursed +0 dwarvish cloak N - an uncursed +2 dented pot (being worn) Y - an uncursed +1 large shield (being worn) Comestibles b - an uncursed cram ration w - an uncursed tripe ration z - an uncursed food ration Scrolls x - an uncursed scroll of fire Tools j - an uncursed skeleton key s - an uncursed bag of holding y - an uncursed lock pick Gems e - 26 uncursed flints (in quiver) q - an uncursed worthless piece of red glass Boulders/Statues r - an uncursed boulder Contents of the bag of holding: 442 gold pieces a [cursed] amulet of strangulation an uncursed +2 dented pot an uncursed +2 dented pot an uncursed +2 dented pot an uncursed +0 pair of high boots an uncursed +0 pair of high boots 2 [uncursed] sprigs of wolfsbane a [uncursed] scroll of blank paper a [uncursed] scroll of create monster a [uncursed] scroll of enchant weapon a [blessed] scroll of identify a [uncursed] scroll of light a [uncursed] scroll of scare monster a [cursed] potion of booze 2 [uncursed] potions of gain energy a [cursed] potion of gain level a [blessed] potion of healing a [uncursed] potion of levitation 2 [uncursed] potions of speed a [uncursed] ring of see invisible a blessed wand of slow monster (0:3) a [uncursed] sack Spells and supernatural/magical abilities: Name Level Category Fail Memory W - pray for help -- divine ? -- Your skills at the end: Miscellaneous Skills shield [Basic] wands [Basic] Weapon Skills two-handed sword [Basic] sling [Basic] Spellcasting Skills Final Attributes: You were devoutly aligned. You were telepathic. You had automatic searching. You had infravision. You were somewhat stealthy. You were lucky. You are dead. Vanquished creatures: a soldier ant 2 wood nymphs a pony a fog cloud 2 shriekers 2 gray oozes a puppy a floating eye a dwarf a kobold lord an iguana 2 jitterbugs a giant bat a monkey an acid blob a large kobold 5 geckos a hobgoblin a giant rat 4 cave spiders a yellow mold 2 manes 2 gnome zombies 5 jackals 2 foxes a kobold 6 newts 2 sewer rats 6 grid bugs 7 lichens 3 kobold zombies 68 creatures vanquished. Voluntary challenges: You did not adorn yourself with jewelry or accessories. You did not cause conflict. You were not invisible. You did not have reflection. You were not displaced. You were an atheist. You never hit with a wielded weapon. You did not apply a unicorn horn. You did not use plumbed fixtures. You did not drink any magical draughts. You read items or engraved 2 times, starting on turn 4269. You never genocided any monsters. You never polymorphed an object. You never changed form. You used no wishes. You did not use any artifacts. You never split a pudding. You never wrote Elbereth's name. You never violated your personal moral code. You enabled loading special bones files. Dungeon overview: The Dungeons of Doom: levels 1 to 7 Level 1 some fountains a long staircase Level 2 a vault, a scroll shop Level 3 Level 4 (water) a vault stairs to The Gnomish Mines Level 5 some fountains Level 6 a sink Level 7 <- You were here The Gnomish Mines: Level 5 stairs to The Dungeons of Doom History has recorded: On T:1 you entered the Dungeons of Doom to retrieve the Amulet of Yendor! On T:854 you reached level 2 of The Dungeons of Doom. On T:995 you reached level 3 of The Dungeons of Doom. On T:1042 you advanced to experience level 2. On T:1486 you advanced to experience level 3. On T:2236 you reached level 4 of The Dungeons of Doom. On T:3344 you advanced to experience level 4. On T:3440 you reached level 5 of The Dungeons of Doom. On T:3872 you reached level 1 of The Gnomish Mines. On T:3910 you advanced to experience level 5. On T:4628 you reached level 6 of The Dungeons of Doom. On T:5351 you reached level 7 of The Dungeons of Doom. On T:5679 you advanced to experience level 6. Score breakdown: Gold: 741 ( 74 points) Experience: 6 levels ( 500 points) Exploration: 7 levels ( 180 points) Discoveries: 20 items ( 1000 points) Variety of kills: 31 monsters ( 1550 points) Major goal: (nothing yet) ( 0 points) Survival: died (score multiplied by 3) Total score: 9912 Latest messages: The soldier ant misses. (3x) The soldier ant bites! The soldier ant misses. You kill the soldier ant! Welcome to experience level 6. The soldier ant bites! The soldier ant misses. The flint hits the soldier ant. The soldier ant bites! The soldier ant misses. The soldier ant bites! The soldier ant stings! The soldier ant bites! The soldier ant just misses! You shoot 2 flints. The 1st flint hits the soldier ant. The 2nd flint hits the soldier ant. The soldier ant bites! The soldier ant stings! The soldier ant misses. (4x) The flint hits the soldier ant. The soldier ant bites! The soldier ant stings! The soldier ant's sting was poisoned! You die... The sack is empty. The sack is empty. Final status: Goodbye woodfighter the Ranger, poisoned by a soldier ant... You died in The Dungeons of Doom on dungeon level 7 with 9912 points, and 741 pieces of gold, after 5685 moves. You were level 6 with a maximum of 58 hit points when you died.